GucciMane, chaotic male elven Priest ----------- ---------- ------ |.........-# |......<.| .!!!!| |.....(...|# ------- .........| d@.!!!!| ------.----# #......| |........| @ !!!!| # ### #|.....| |........| # !!| # # #......| -.-------- # --- # ### # #---.--- ##### # ### # # # # # # # # ### # # # ####### # ### # ## ### # # #--------# # # -.---------# # # #|.......# ### # |.........%# # ############.......| # # |...{.....| # #--.--- ###|..>...| -.---------# |.........-#####|....| # -------- |.........|# |.........|# # |....|### |.........|# |.....[...-# |..).|# |.........|# ----------- |.....# |.........-# ------ ----------- GucciMane the Aspirant Experience level: 2 Strength: 11 Dexterity: 12 Constitution: 13 Intelligence: 13 Wisdom: 16 Charisma: 10 Health: 0(15) Energy: 28(28) Def: 5 Gold: 0 Moves: 1555 Dungeon seed: K5KKV3BYZZ9kP-1S Game ID: GucciMane_1509599124 Your Inventory: Weapons a - a blessed +1 mace (weapon in hand) k - a +0 boomerang (in quiver) Armor e - a +0 robe (being worn) n - a +0 small shield (being worn) q - a +0 pair of kicking boots (being worn) r - a +0 orcish helm (being worn) Comestibles c - a clove of garlic d - a sprig of wolfsbane l - a food ration s - a slime mold Scrolls i - a scroll of teleportation j - a scroll of remove curse Spellbooks f - a spellbook of stone to flesh g - a blessed spellbook of blank paper Potions b - 3 potions of holy water m - a potion of oil p - a cursed potion of monster detection Tools h - a wooden flute Spells and supernatural/magical abilities: Name Level Category Fail Memory p - protection 1 clerical 0% 95% S - stone to flesh 3 healing 100% 93% W - pray for help -- divine ? -- X - turn undead -- divine ? -- Your skills at the end: Fighting Skills Weapon Skills mace [Basic] Spellcasting Skills clerical spells [Basic] Final Attributes: You were piously aligned. You had infravision. You are dead. Vanquished creatures: an acid blob a hobbit 2 giant rats 2 cave spiders a gnome zombie a gecko 9 jackals 2 foxes 2 goblins 2 sewer rats 3 lichens 5 newts 31 creatures vanquished. Voluntary challenges: You were an atheist. You used a wielded weapon 21 times, starting on turn 142. You read items or engraved 15 times, starting on turn 519. You never genocided any monsters. You never polymorphed an object. You never changed form. You used no wishes. You never split a pudding. You never wrote Elbereth's name. You never violated your personal moral code. Dungeon overview: The Dungeons of Doom: levels 1 to 4 Level 1 a long staircase Level 2 a general store, a fountain a long staircase Level 3 a fountain Level 4 <- You were here a potion shop, a fountain History has recorded: On T:1 you entered the Dungeons of Doom to retrieve the Amulet of Yendor! On T:347 you reached level 2 of The Dungeons of Doom. On T:443 you reached level 3 of The Dungeons of Doom. On T:632 you advanced to experience level 2. On T:1266 you reached level 4 of The Dungeons of Doom. Score breakdown: Gold: 0 ( 0 points) Experience: 2 levels ( 5570 points) Exploration: 4 levels ( 8.16%) ( 7500 points) Discoveries: 3 items ( 1.05%) ( 3072 points) Valuables value: (no points given unless you survive) Artifact value: 0 ( 0 points) Variety of kills: 12 monsters ( 3.15%) ( 5324 points) Turncount: 1555 turns ( 0 points) Survival: died (score multiplied by 80%) Total score: 17172 Latest messages: You hear some noises in the distance. You displace ñB. (2x) The door resists! The door opens. You hear the footsteps of a guard on patrol. You hear the chime of a cash register. Something is written here in the dust. You read: "Closed for inventory". This door is locked. That door is closed. (5x) As you kick the door, it crashes open! "How dare you break my door?" Gliwice zaps a platinum wand! The wand misses you. You displace ñB. Gliwice zaps a wand of striking! The wand hits you! Gliwice zaps a wand of striking! The wand hits you! You die... Gliwice takes all your possessions. Final status: Goodbye GucciMane the Priest, killed by a wand... You died in The Dungeons of Doom on dungeon level 4 with 17172 points, and 0 pieces of gold, after 1555 moves. You were level 2 with a maximum of 15 hit points when you died.